 Dungeon Crawl Stone Soup version 0.25-a0-589-g1e14c54 (webtiles) character file.

Game seed: 5591409388910990455, levelgen mode: deterministic

37 Faels the Slasher (level 3, 0/29 HPs)
             Began as a Demonspawn Fighter on Mar 12, 2020.
             Slain by Sigmund
             ... wielding a +0 scythe
              (6 damage)
             ... on level 2 of the Dungeon.
             The game lasted 00:02:28 (1204 turns).

Faels the Slasher (Demonspawn Fighter)              Turns: 1204, Time: 00:02:28

Health: 0/29       AC:  8    Str: 16    XL:     3   Next: 23%
Magic:  3/3        EV:  7    Int:  9    God:
Gold:   107        SH:  8    Dex: 13    Spells: 2/2 levels left

rFire    . . .     SeeInvis .   a - +0 long sword
rCold    . . .     Gourm    .   c - +0 kite shield
rNeg     . . .     Faith    .   b - +0 scale mail
rPois    .         Spirit   .   (no helmet)
rElec    .         Reflect  .   (no cloak)
rCorr    .         Harm     .   (no gloves)
MR       .....                  (no boots)
Stlth    ..........             (no amulet)
HPRegen  0.09/turn              (no ring)
MPRegen  0.08/turn              (no ring)

@: mighty
A: molten scales 1, spiny 1
a: no special abilities


You were on level 2 of the Dungeon.
You were not hungry.

You visited 1 branch of the dungeon, and saw 2 of its levels.

You collected 107 gold pieces.

Inventory:

Hand Weapons
 a - a +0 long sword (weapon)
Missiles
 p - 15 poisoned darts (quivered)
Armour
 b - a +0 scale mail (worn)
 c - a +0 kite shield (worn)
Jewellery
 h - a cursed ring of teleportation {unknown}
Scrolls
 i - 2 scrolls of remove curse {unknown}
 j - 2 scrolls of teleportation {unknown}
 n - a scroll of enchant weapon {unknown}
 o - 3 scrolls of identify {unknown}
Potions
 e - a potion of cancellation {unknown}
 k - a potion of degeneration {unknown}
 l - a potion of ambrosia {unknown}
 m - a potion of berserk rage {unknown}
Comestibles
 f - 7 rations
 g - 5 chunks of flesh


   Skills:
 - Level 3.0 Fighting
 * Level 3.2 Long Blades
 - Level 2.6 Armour
 + Level 0.7 Dodging
 - Level 2.6 Shields


You had 2 spell levels left.
You didn't know any spells.
Your spell library was empty.

Dungeon Overview and Level Annotations

Branches:
Dungeon (2/15)

Altars:

Annotations:
D:2 Sigmund


Innate Abilities, Weirdness & Mutations

You are partially covered in molten scales. (AC +2)
You are partially covered in sharp spines.


Message History

The hobgoblin hits you but does no damage.
The giant cockroach bites you but does no damage.
You barely miss Sigmund.
Sigmund is moderately wounded.
The hobgoblin hits you but does no damage.
The giant cockroach is struck by your spines.
You kill the giant cockroach!
Sigmund is struck by your spines. Sigmund hits you with a +0 scythe!
The hobgoblin is struck by your spines.
You kill the hobgoblin!
Your shield prevents you from hitting Sigmund.
Sigmund is moderately wounded.
Sigmund hits you with a +0 scythe!
* * * LOW HITPOINT WARNING * * *
You block the rat's attack.
You slash Sigmund!
Sigmund is severely wounded.
The rat bites you but does no damage. Sigmund is struck by your spines.
Sigmund hits you with a +0 scythe.
You die...

...........##
............# ...
..>....^!...# ...
......?.....# $...
............#.....
...........<...#...
...)..............#
...........[...####
.........@....#
#.......@r.###
#..........#
#..........#
#........##
##...รท....##
#..........#
###......<...#
##............#


You could see Sigmund and a rat.

Vanquished Creatures
  A dart slug (D:1)
  2 leopard geckos (D:1)
  A ball python (D:1)
  4 giant cockroaches
  3 goblins (D:1)
  7 hobgoblins
  2 jackals (D:1)
  A quokka (D:1)
  A bat (D:1)
  A frilled lizard (D:2)
  4 kobolds (D:1)
  A rat (D:1)
28 creatures vanquished.

Notes
Turn   | Place    | Note
-------+----------+-------------------------------------------
     0 | D:1      | Faels the Demonspawn Fighter began the quest for the Orb.
     0 | D:1      | Reached XP level 1. HP: 18/18 MP: 1/1
   359 | D:1      | Gained mutation: You are partially covered in sharp spines.
                  | [demonic ancestry]
   359 | D:1      | Reached XP level 2. HP: 24/24 MP: 2/2
   812 | D:1      | Gained mutation: You are partially covered in molten
                  | scales. (AC +2) [demonic ancestry]
   812 | D:1      | Reached XP level 3. HP: 29/29 MP: 3/3
  1100 | D:2      | Noticed Sigmund
  1204 | D:2      | Slain by Sigmund

Levels and vault maps discovered:
D:1:      ncdulo_halloftheorcs, layout_basic, amethyst_killhole
D:2:      layout_rooms, uniq_jessica, uniq_sigmund, uniq_natasha

Skill      XL: |  1  2 |
---------------+-------+-----
Long Blades    | 2 3 |  3.2
Fighting       | |  3.0
Armour         | |  2.6
Dodging        | |  0.7
Shields        | |  2.6

Action                   || total
-------------------------++-------
Melee: Long sword        ||    70
  Use: Potion            ||     1
  Eat: Chunk             ||     1
Armor: Scale mail        ||    31
Dodge: Dodged            ||    17
Block: Kite shield       ||    29
       Rpst.: Long sword ||     6

Table legend:
 A = Non-vault XP
 B = Vault XP
 C = Vault XP percentage of total XP
 D = Non-vault monster count
 E = Vault monster count
 F = Vault count percentage of total count
                 A         B        C        D         E       F
            +---------+---------+-------+---------+---------+-------
      Total |      54 |       0 |   0.0 |      28 |       0 |   0.0
            +---------+---------+-------+---------+---------+-------
        D:1 |      47 |       0 |   0.0 |      24 |       0 |   0.0
        D:2 |       7 |       0 |   0.0 |       4 |       0 |   0.0
            +---------+---------+-------+---------+---------+-------
